 Dungeon Crawl Stone Soup version 0.22-a0-192-g6ffc940 (webtiles) character file.

250 Moloch the Poker (level 5, 0/46 HPs)
             Began as a Centaur Fighter on Feb 16, 2018.
             Slain by Natasha (2 damage)
             ... on level 3 of the Dungeon.
             The game lasted 00:04:49 (2970 turns).

Moloch the Poker (Centaur Fighter)                  Turns: 2970, Time: 00:04:50

Health: 0/46       AC:  8    Str: 24      XL:     5   Next: 88%
Magic:  5/5        EV:  4    Int:  7      God:
Gold:   145        SH:  0    Dex:  7 (9)  Spells: 4/4 levels left

rFire    . . .     SeeInvis .   r - +0 halberd
rCold    . . .     Gourm    .   (shield currently unavailable)
rNeg     . . .     Faith    .   m - +0 plate armour
rPois    .         Spirit   .   (no helmet)
rElec    .         Reflect  .   (no cloak)
rCorr    +         Harm     .   (no gloves)
MR       .....                  (no barding)
Stlth    ..........             (no amulet)
HPRegen  0.15/turn              g - ring of resist corrosion
MPRegen  0.09/turn              (no ring)

@: mighty, flying, slowed
A: large, hooves 3, deformed body, speed 2, tough skin 3
a: no special abilities


You were on level 3 of the Dungeon.
You were not hungry.

You visited 1 branch of the dungeon, and saw 3 of its levels.

You collected 145 gold pieces.

Inventory:

Hand Weapons
 a - a +0 trident
 r - a +0 halberd (weapon)
Armour
 c - a +0 shield
 m - a +0 plate armour (worn)
Jewellery
 g - a ring of resist corrosion (left hand)
Wands
 p - a wand of polymorph (7)
Scrolls
 b - a scroll of magic mapping {unknown}
 e - 7 scrolls of identify {unknown}
 h - 2 scrolls of enchant armour {unknown}
 k - 2 scrolls of teleportation {unknown}
 s - a scroll of immolation {unknown}
 t - a scroll of enchant weapon {unknown}
 u - 3 scrolls of remove curse {unknown}
 w - a scroll of fear {unknown}
 x - a scroll of blinking {unknown}
Potions
 i - 2 potions of flight
 j - a potion of mutation {unknown}
 l - a potion of haste {unknown}
 o - a potion of ambrosia {unknown}
 q - a potion of agility {unknown}
 v - a potion of brilliance {unknown}
Comestibles
 f - 3 rations
 z - 2 chunks of flesh


   Skills:
 + Level 4.1 Fighting
 * Level 5.0 Polearms
 - Level 2.1 Armour
 - Level 2.1 Shields


You had 4 spell levels left.
You didn't know any spells.

Dungeon Overview and Level Annotations

Branches:
Dungeon (3/15)

Altars:
Cheibriados
Gozag
Kikubaaqudgha
Trog

Annotations:
D:3 Natasha


Innate Abilities, Weirdness & Mutations

You have hooves in place of feet.
Armour fits poorly on your strangely shaped body.
You cover ground very quickly.
You have extremely tough skin. (AC +3)


Message History

You feel better. Natasha completely misses you. Natasha barely misses you.
You feel very mighty all of a sudden. Natasha claws you.
* * * LOW HITPOINT WARNING * * *
You closely miss Natasha. Your kick misses Natasha.
Natasha claws you but does no damage. Natasha casts a spell at you.
The magic dart hits you!
You hit Natasha.
Natasha is lightly wounded.
Natasha howls an incantation.
Natasha shimmers violently.
Natasha claws you.
* * * LOW HITPOINT WARNING * * *
Natasha claws you.
* * * LOW HITPOINT WARNING * * *
Your plate armour prevents you from hitting Natasha.
Natasha is lightly wounded.
Natasha barely misses you. Natasha claws you.
You die...

###### #####...@##########
#......h.##..)#...######.
#........#...............
#########......................#
#...#...#................).....##
.............##..................
.................#...............
...........###.................##
.......................#.......#


You could see Natasha.

Vanquished Creatures
  A howler monkey (D:3)
  A quasit (D:3)
  Natasha (twice) (D:3)
  3 gnolls
  2 adders (D:2)
  A worm (D:3)
  4 dart slugs
  4 leopard geckos
  3 giant cockroaches
  9 hobgoblins
  2 jackals (D:1)
  4 quokkas
  5 bats
  9 frilled lizards
  6 goblins
  10 kobolds
  5 rats
71 creatures vanquished.

Notes
Turn   | Place    | Note
-------+----------+-------------------------------------------
     0 | D:1      | Moloch the Centaur Fighter began the quest for the Orb.
     0 | D:1      | Reached XP level 1. HP: 19/19 MP: 1/1
    73 | D:1      | Reached skill level 2 in Polearms
   153 | D:1      | Reached XP level 2. HP: 23/26 MP: 2/2
   353 | D:1      | Reached XP level 3. HP: 30/31 MP: 3/3
   638 | D:2      | Found an ancient bone altar of Kikubaaqudgha.
   670 | D:2      | Reached skill level 3 in Polearms
  1064 | D:2      | Reached XP level 4. HP: 16/40 MP: 4/4
  2211 | D:3      | Reached skill level 4 in Polearms
  2211 | D:3      | Reached XP level 5. HP: 44/46 MP: 5/5
  2428 | D:3      | Found a snail-covered altar of Cheibriados.
  2428 | D:3      | Found an opulent altar of Gozag.
  2429 | D:3      | Found a bloodstained altar of Trog.
  2452 | D:3      | Noticed Grinder
  2452 | D:3      | Paralysed by Grinder for 7 turns
  2462 | D:3      | Noticed Grinder
  2462 | D:3      | Grinder changed into Grinder the quasit
  2503 | D:3      | Killed Grinder the quasit
  2758 | D:3      | Noticed Natasha
  2783 | D:3      | Killed Natasha
  2838 | D:3      | Noticed Natasha
  2931 | D:3      | Killed Natasha
  2931 | D:3      | Reached skill level 5 in Polearms
  2937 | D:3      | Noticed Natasha
  2969 | D:3      | HP: 1/46 [Natasha (6)]
  2970 | D:3      | Slain by Natasha

Vault maps used:
D:1:      eino_arrival_tree_alley, roderic_lattice_a
D:2:      lemuel_crystal_altar, minmay_pentomino_s4
D:3:      gammafunk_temple_overflow_claw, dk_noncrumbling_3, uniq_natasha,
          uniq_grinder

Skill      XL: |  1  2  3  4  5 |
---------------+----------------+-----
Polearms       | 2 3 4 5 |  5.0
Fighting       | 4 |  4.1
Armour         | |  2.1
Shields        | |  2.1

Action                   |  1- 3 |  4- 6 || total
-------------------------+-------+-------++-------
Melee: Trident           |   142 |    27 ||   169
       Kick              |    21 |    18 ||    39
       Halberd           |       |   136 ||   136
Evoke: Wand              |       |     3 ||     3
  Use: Potion            |       |     3 ||     3
  Eat: Chunk             |       |     6 ||     6
Armor: Scale mail        |    28 |       ||    28
       Plate armour      |    17 |   162 ||   179
Dodge: Dodged            |    10 |    26 ||    36
Block: Shield            |    40 |     8 ||    48

Table legend:
 A = Spawn XP
 B = Non-spawn XP
 C = Spawn XP percentage of total XP
 D = Spawn monster count
 E = Non-spawn monster count
 F = Spawn count percentage of total count
 G = Total turns spent on level
                    A         B        C        D         E        F      G
               +---------+---------+-------+---------+---------+-------+---------
         Total |       0 |     358 |   0.0 |       0 |      71 |   0.0 |  2970
               +---------+---------+-------+---------+---------+-------+---------
           D:1 |       0 |      89 |   0.0 |       0 |      36 |   0.0 |  1110
           D:2 |       0 |      72 |   0.0 |       0 |      17 |   0.0 |  1107
           D:3 |       0 |     197 |   0.0 |       0 |      18 |   0.0 |   753
               +---------+---------+-------+---------+---------+-------+---------
